 Dungeon Crawl Stone Soup version 0.25.1-2-g60ff931 (webtiles) character file.

Game seed: 13804382475980551845

1883 robertstho the Slinger (level 9, -10/61 HPs)
             Began as a Halfling Hunter on July 30, 2020.
             Was a Believer of Okawaru.
             Mangled by an orc warrior
             ... wielding a +0 war axe
              (16 damage)
             ... on level 6 of the Dungeon.
             The game lasted 00:09:33 (4836 turns).

robertstho the Slinger (Halfling Hunter)            Turns: 4836, Time: 00:09:34

Health: -10/61     AC:  9    Str: 13    XL:     9   Next: 36%
Magic:  11/11      EV:  9    Int:  9    God:    Okawaru [**....]
Gold:   231        SH:  0    Dex: 18    Spells: 8/8 levels left

rFire    + . .     SeeInvis .   x - +2 long sword (holy)
rCold    . . .     Gourm    .   (shield restricted)
rNeg     . . .     Faith    .   m - +0 chain mail
rPois    .         Spirit   .   r - +0 helmet
rElec    .         Reflect  .   (no cloak)
rCorr    .         Harm     .   (no gloves)
MR       .....                  (no boots)
Stlth    ..........             (no amulet)
HPRegen  0.20/turn              d - ring of protection from fire
MPRegen  0.12/turn              (no ring)

@: berserk cooldown, slowed, very slow
A: small, mutation resistance 1
a: Heroism, Renounce Religion


You were on level 6 of the Dungeon.
You worshipped Okawaru.
Okawaru was pleased with you.
You were hungry.

You visited 1 branch of the dungeon, and saw 6 of its levels.

You collected 231 gold pieces.

Inventory:

Hand Weapons
 e - a +2 vampiric short sword
 p - a +3 hunting sling
 q - a +3 spear of venom
 x - a +2 long sword of holy wrath (weapon)
Missiles
 h - 123 stones (quivered)
Armour
 m - a +0 chain mail (worn)
 r - a +0 helmet (worn)
Jewellery
 d - a ring of protection from fire (left hand)
 t - an uncursed ring of protection from fire
 w - an uncursed ring of wizardry {unknown}
 A - an uncursed ring of protection from magic
 B - an uncursed amulet of guardian spirit {unknown}
Wands
 C - a wand of acid (9)
Scrolls
 c - a scroll of enchant armour {unknown}
 g - 5 scrolls of identify
 l - 2 scrolls of remove curse
 s - a scroll of amnesia {unknown}
 u - 2 scrolls of immolation {unknown}
 y - 2 scrolls of teleportation
 z - 2 scrolls of enchant weapon {unknown}
Potions
 a - 3 potions of mutation
 i - 3 potions of stabbing {unknown}
 j - a potion of resistance {unknown}
 k - 3 potions of heal wounds
 n - a potion of ambrosia
 v - 2 potions of brilliance {unknown}
 D - 3 potions of curing {unknown}
Comestibles
 f - 13 rations


   Skills:
 * Level 5.4 Fighting
 * Level 13.5 Slings
 + Level 2.3 Armour
 + Level 2.3 Dodging
 + Level 1.2 Stealth
 * Level 3.7 Invocations


You had 8 spell levels left.
You didn't know any spells.
Your spell library contained the following spells:

 Spells                   Type           Power        Failure   Level  Hunger
 Summon Butterflies       Summ           #.......     100%        1    ##.....
 Recall                   Summ/Tloc      N/A          100%        3    ####...
 Summon Lightning Spire   Summ/Air       #.......     100%        4    #####..
 Summon Mana Viper        Hex/Summ       #.......     100%        5    ######.
 Malign Gateway           Summ/Tloc      #.........   100%        7    #######


Dungeon Overview and Level Annotations

Branches:
Dungeon (6/15)             Temple (0/1) D:5

Altars:
Ashenzari
Fedhas
Gozag
Makhleb
Okawaru
Qazlal
Ru
Sif Muna
Trog
Vehumet
Xom


Innate Abilities, Weirdness & Mutations

You are small and have problems with some larger weapons.
You are somewhat resistant to further mutation.


Message History

The orc warrior is heavily wounded.
You are no longer berserk.
You are exhausted.
You feel yourself slow down.
You closely miss the orc warrior.
The orc warrior is heavily wounded.
The orc warrior misses you.
You riposte.
You hit the orc warrior but do no damage.
The orc warrior is heavily wounded.
The orc warrior hits you with a +0 war axe.
You hit the orc warrior but do no damage.
The orc warrior is heavily wounded.
The orc warrior hits you with a +0 war axe!
* * * LOW HITPOINT WARNING * * *
The orc warrior barely misses you.
You riposte.
You hit the orc warrior.
The orc warrior is severely wounded.
You closely miss the orc warrior.
The orc warrior is severely wounded.
The orc warrior hits you with a +0 war axe!
You die...

#......#.# #.#.# ##
#......#.##### #####.#.###.
#............# ............
#......#....... ######.##..
#>.....################## #.##.#
#......###...###........####.##+#
.......##.....##...#......##.....
######.#(......#...##.....##.....
.......#.......†@o.##......#.....
.......#.......#...####..........
.#####.##.....##...# ######.....
.# #.###..(###.((# #..... .# #.#
##### #(..# #.##.# .# #.. #...#
#.# .# .# #.# #(..(...... #.# ..
.# #.# #...#...... #.# # ## #.#
#...##(.... .#


You could see an orc warrior.

Vanquished Creatures
  3 sky beasts (D:6)
  An orc warrior (D:6)
  An ice beast (D:5)
  5 centaurs (D:5)
  An ogre (D:4)
  2 bullfrogs (D:6)
  3 scorpions
  A howler monkey (D:5)
  4 crimson imps
  A quasit (D:6)
  2 orc priests
  Terence (D:2)
  An iguana (D:5)
  2 worker ants
  4 orc wizards
  A hound skeleton (D:6)
  Robin (D:2)
  6 adders
  A gnoll (D:4)
  An adder zombie (D:6)
  3 worms (D:3)
  4 dart slugs
  2 leopard geckos
  15 orcs
  5 giant cockroaches
  13 goblins
  10 hobgoblins
  6 jackals
  7 kobolds
  3 quokkas
  2 ball pythons
  5 bats
  8 frilled lizards
  A rat (D:1)
126 creatures vanquished.

Notes
Turn   | Place    | Note
-------+----------+-------------------------------------------
     0 | D:1      | robertstho the Halfling Hunter began the quest for the Orb.
     0 | D:1      | Reached XP level 1. HP: 14/14 MP: 1/1
     6 | D:1      | Noticed a worker ant
     6 | D:1      | Noticed a tyrant leech
     6 | D:1      | Noticed an iguana
     7 | D:1      | Noticed a stone giant
   105 | D:1      | Reached skill level 6 in Slings
   238 | D:1      | Reached XP level 2. HP: 19/19 MP: 2/2
   615 | D:1      | Reached XP level 3. HP: 24/24 MP: 3/3
   662 | D:1      | Reached skill level 7 in Slings
   996 | D:2      | Noticed Terence
  1020 | D:2      | Killed Terence
  1020 | D:2      | Reached XP level 4. HP: 25/29 MP: 4/4
  1075 | D:2      | Noticed Robin
  1085 | D:2      | Killed Robin
  1085 | D:2      | Reached skill level 8 in Slings
  1292 | D:2      | Found a shattered altar of Ashenzari.
  1612 | D:3      | Reached XP level 5. HP: 34/34 MP: 5/5
  1712 | D:3      | Found a sacrificial altar of Ru.
  2397 | D:4      | Reached skill level 9 in Slings
  2397 | D:4      | Reached XP level 6. HP: 41/41 MP: 6/6
  2538 | D:4      | Found an opulent altar of Gozag.
  2554 | D:4      | Reached skill level 10 in Slings
  2758 | D:4      | Noticed an ogre
  2762 | D:4      | Killed an ogre
  2762 | D:4      | Reached skill level 1 in Armour
  2762 | D:4      | Reached XP level 7. HP: 46/46 MP: 7/7
  2851 | D:4      | Found a bloodstained altar of Trog.
  2852 | D:4      | Found an iron altar of Okawaru.
  2974 | D:4      | Became a worshipper of Warmaster Okawaru
  3006 | D:5      | Entered Level 5 of the Dungeon
  3075 | D:5      | Reached skill level 11 in Slings
  3075 | D:5      | Reached skill level 1 in Invocations
  3136 | D:5      | Identified the Compendium of Weirdness
  3233 | D:5      | Reached XP level 8. HP: 54/54 MP: 7/9
  3276 | D:5      | Reached * piety under Okawaru
  3439 | D:5      | Found a staircase to the Ecumenical Temple.
  3604 | D:5      | Reached skill level 12 in Slings
  3838 | D:5      | Found a burning altar of Makhleb.
  3842 | D:5      | Found a shimmering blue altar of Sif Muna.
  3842 | D:5      | Found a shimmering altar of Xom.
  3849 | D:5      | Found a radiant altar of Vehumet.
  3851 | D:5      | Found a blossoming altar of Fedhas.
  4387 | D:6      | Reached ** piety under Okawaru
  4397 | D:6      | Reached skill level 13 in Slings
  4397 | D:6      | Reached XP level 9. HP: 47/59 MP: 10/10
  4629 | D:6      | Found a stormy altar of Qazlal.
  4787 | D:6      | Reached skill level 5 in Fighting
  4836 | D:6      | Mangled by an orc warrior

Illustrated notes

Levels and vault maps discovered:
D:1:      onia_arrival_zoo_common, layout_loops_corners
D:2:      layout_rooms, evilmike_ruin_ashenzari, uniq_terence, uniq_robin
D:3:      layout_basic, st_stairs_3, nicolae_ru_the_path_less_chosen
D:4:      layout_basic, grunt_temple_overflow_bloody_war, grunt_gozag_statues
D:5:      layout_gridville, minmay_overflow_temple_star_hex,
          minmay_temple_entry_glass, first_ration
D:6:      minmay_opposing_rooms, layout_basic, kennysheep_mini,
          lemuel_round_altar

Skill      XL: |  1  2  3  4  5  6  7  8  9 |
---------------+----------------------------+-----
Slings         | 6 7 8 9 10 11 13 | 13.5
Fighting       | 2 3 4 5 |  5.4
Armour         | 1 2 |  2.3
Invocations    | 1 2 3 |  3.7
Dodging        | |  2.3
Stealth        | |  1.2

Action                   |  1- 3 |  4- 6 |  7- 9 || total
-------------------------+-------+-------+-------++-------
Melee: Long sword        |       |       |    17 ||    17
 Fire: Hunting sling     |    88 |   144 |   193 ||   425
  Use: Scroll            |       |     7 |       ||     7
       Potion            |       |       |     2 ||     2
  Eat: Chunk             |       |     5 |     2 ||     7
       Ration            |       |       |     1 ||     1
Armor: Leather armour    |     2 |       |       ||     2
       Chain mail        |     8 |    17 |    42 ||    67
Dodge: Dodged            |    14 |    10 |    33 ||    57
       Rpst.: Long sword |       |       |     4 ||     4
